 Dungeon Crawl Stone Soup version 0.28-a0-1147-gc7b72d3202 (webtiles) character file.

Game seed: 2710785699862900843

55880 Essalna the Arsonist (level 14, -1/113 HPs)
             Began as a Demonspawn Fire Elementalist on Dec 14, 2021.
             Was a High Priest of Vehumet.
             Slain by a +4 war axe of chaos (10 damage)
             ... on level 9 of the Dungeon.
             The game lasted 00:49:40 (24531 turns).

Essalna the Arsonist (DsFE)                        Turns: 24531, Time: 00:49:41

Health: -1/113     AC: 19    Str: 10    XL:     14   Next: 40%
Magic:  29/29      EV: 22    Int: 25    God:    Vehumet [*****.]
Gold:   1255       SH:  5    Dex: 18    Spells: 11/35 levels left

rFire   . . .      SeeInvis +   A - +7 hand axe "Ekaxeuna" {spect, Fly}
rCold   . . .      Faith    .   i - +0 buckler
rNeg    . . .      Spirit   .   H - +4 ring mail "Dader" {Str+2 Int+3 Dex+4}
rPois   .          Reflect  .   P - +0 mask of the Dragon {Will+ Slay+3 SInv}
rElec   .          Harm     .   L - +2 cloak
rCorr   .          Rampage  .   o - +2 pair of gloves
Will    ++...                   (no boots)
Stlth   +.........              (no amulet)
HPRegen 0.28/turn               j - +4 ring of evasion
MPRegen 0.21/turn               p - +4 ring of evasion

@: flying, invisible
A: antennae 1, thin metallic scales 2, foul stench 1, spiny 2
a: Renounce Religion


You were on level 9 of the Dungeon.
You worshipped Vehumet.
Vehumet was extremely pleased with you.
You visited 3 branches of the dungeon, and saw 17 of its levels.

You collected 1255 gold pieces.

Inventory:

Hand Weapons
 b - a +0 short sword
 u - a +5 dagger
 A - the +7 hand axe "Ekaxeuna" (weapon) {spect, Fly}
   (You found it on level 5 of the Dungeon)

   When its wielder attacks, the weapon's spirit leaps out and strikes again.
   The spirit shares a part of any damage it takes with its wielder.
   Fly:       It grants you flight.
Armour
 a - a +0 robe
 e - a +2 pair of gloves
 i - a +0 buckler (worn)
 m - a +0 pair of gloves
 o - a +2 pair of gloves (worn)
 H - the +4 ring mail "Dader" (worn) {Str+2 Int+3 Dex+4}
   (You found it on level 8 of the Dungeon)

   Str:       It affects your strength (+2).
   Int:       It affects your intelligence (+3).
   Dex:       It affects your dexterity (+4).
 L - a +2 cloak (worn)
 P - the +0 mask of the Dragon (worn) {Will+ Slay+3 SInv}
   (You found it on level 1 of the Lair of Beasts)

   Slay:      It affects your accuracy & damage with ranged weapons and melee
   (+3).
   SInv:      It lets you see invisible.
   Will:      It increases your willpower.
Magical Staves
 t - a staff of death
 V - a staff of earth
Jewellery
 f - an amulet of reflection
 j - a +4 ring of evasion (left hand)
 l - a ring of poison resistance
 p - a +4 ring of evasion (right hand)
 v - a ring of protection from cold
 C - a ring of wizardry
 E - a ring of flight
 F - a +6 ring of strength
 T - a ring of willpower
 U - the ring "Veeleaj" {rC+ Int+4 Stlth+}
   (You found it on level 2 of the Lair of Beasts)

   [ring of protection from cold]

   Int:       It affects your intelligence (+4).
   rC:        It protects you from cold.
   Stlth:     It makes you more stealthy.
 Z - a ring of resist corrosion
Wands
 y - a wand of acid (12)
 D - a wand of digging (9)
 M - a wand of polymorph (3)
 R - a wand of flame (16)
 X - a wand of charming (2)
 Y - a wand of mindburst (3)
Scrolls
 h - 2 scrolls of vulnerability
 k - a scroll of magic mapping
 q - 3 scrolls of identify
 w - 2 scrolls of immolation
 G - a scroll of silence
 K - 2 scrolls of amnesia
 S - 2 scrolls of enchant weapon
Potions
 c - 9 potions of mutation
 d - 2 potions of cancellation
 g - 3 potions of berserk rage
 r - a potion of attraction
 z - 4 potions of lignification
 I - a potion of magic
 N - 5 potions of brilliance
 O - 2 potions of flight
 W - a potion of might


   Skills:
 + Level 11.1 Fighting
 - Level 4.0 Armour
 - Level 8.3 Dodging
 - Level 1.7 Stealth
 - Level 4.0 Shields
 + Level 11.0 Spellcasting
 - Level 10.0 Conjurations
 + Level 11.2 Fire Magic
 + Level 7.1 Ice Magic


You had 11 spell levels left.
You knew the following spells:

 Your Spells              Type           Power      Damage    Failure   Level
a - Foxfire               Conj/Fire      100%       2x1d9     1%          1
b - Scorch                Fire           100%       2d10      1%          2
c - Flame Wave            Conj/Fire      61%        2d10      1%          4
d - Ozocubu's Refrigerat  Ice            24%        4d9       73%         7
e - Stone Arrow           Conj/Erth      76%        3d11      1%          3
f - Fireball              Conj/Fire      30%        3d13      1%          5
g - Sublimation of Blood  Necr           13%        N/A       16%         2

Your spell library contained the following spells:

 Spells                   Type           Power      Damage    Failure   Level
 Sticky Flame             Conj/Fire      61%        2d8       1%          4
 Conjure Flame            Conj/Fire      61%        6-21      1%          3
 Dazzling Flash           Conj/Hex       76%        N/A       1%          3
 Inner Flame              Hex/Fire       41%        N/A       1%          3
 Ensorcelled Hibernation  Hex/Ice        62%        N/A       3%          2
 Iskenderun's Mystic Bla  Conj/Tloc      38%        2d9       4%          4
 Starburst                Conj/Fire      30%        6d9       6%          6
 Animate Skeleton         Necr           26%        N/A       11%         1
 Pain                     Necr           52%        1d6       11%         1
 Corpse Rot               Necr/Air       26%        N/A       16%         2
 Wereblood                Tmut           13%        N/A       16%         2
 Olgreb's Toxic Radiance  Pois           13%        N/A       26%         4
 Spider Form              Tmut/Pois      13%        N/A       32%         3
 Vampiric Draining        Necr           13%        2d6       32%         3
 Dispel Undead            Necr           13%        3d9       71%         4
 Ignition                 Fire           31%        3d10      83%         8
 Death Channel            Necr           6%         N/A       100%        6
 Summon Hydra             Summ           6%         N/A       100%        7


Dungeon Overview and Level Annotations

Branches:
Dungeon (10/15)            Temple (1/1) D:6            Lair (6/6) D:9
 Shoals (0/4) Lair:3       Spider (0/4) Lair:4        Slime (0/5) Lair:6
    Orc: D:9-12

Altars:
Ashenzari
Dithmenos
Elyvilon
Fedhas
Gozag
Hepliaklqana
Kikubaaqudgha
Makhleb
Okawaru
Qazlal
Ru
Sif Muna
Trog
Uskayaw
Vehumet
Wu Jian
Xom
Yredelemnul
Zin
The Shining One
Lugonu

Shops:
D:1 *   D:2 [

Portals:
Abyss: Lair:6

Annotations:
D:10 mojasp's ghost, journeyman KoDe


Innate Abilities, Weirdness & Mutations

You have a pair of small antennae on your head.
You are mostly covered in thin metallic scales. (AC +3)
You may rarely emit foul miasma when damaged in melee.
You are mostly covered in sharp spines.


Message History

The +4 war axe of chaos freezes you.
* * * LOW HITPOINT WARNING * * *
The +4 war axe of chaos hits your +7 hand axe "Ekaxeuna" {spect, Fly}!
Your spectral weapon shares its damage with you!
* * * LOW HITPOINT WARNING * * *
You feel better. The +4 war axe of chaos hits you.
* * * LOW HITPOINT WARNING * * *
You are poisoned.
You feel very sick.
The +4 war axe of chaos barely misses you.
You feel very sick.
You feel sick.
The +4 war axe of chaos hits you but does no damage.
You feel sick.
You see here a yak corpse.
You feel sick.
There is a stone staircase leading up, spattered with blood here.
Okay, then.
Okay, then.
Okay, then.
Okay, then.
Press: ? - help, v - describe, . - travel, g - get item
Here: a +4 war axe of chaos (moderately damaged) Item here: a yak corpse.
The floor, spattered with blood.
Unknown command.
Unknown command.
You fade into invisibility!
You feel sick.
The +4 war axe of chaos completely misses you.
The +4 war axe of chaos misses you.
You feel sick.
The +4 war axe of chaos closely misses you.
You fly upwards.
You feel sick.
There is a stone staircase leading down here.
You feel sick.
You are no longer poisoned.
The +4 war axe of chaos is struck by your spines.
The +4 war axe of chaos hits you!
You die...

##...###.#........#....'.........
#.....##.#..>..##.#....#.######..
.......#)#.....##.#....#.# #..
.......#.#.....##.#....#.# #..
.........#.....##.#....#.# #..
.........#.....##.#....#.######.#
...>.....#........#....#........#
.........#.....(..#....#........#
.........#......@.'....#........#
.......#.#........#....#........#
.......#.#........#....#........'
#.....##.#........#....#.#####..#
##...#####........######........#
....##...####'#########......####
....'.................#..#...#...
....#.................#..#...#...
....#.[...............#......#...


You could see a +4 war axe of chaos.

Vanquished Creatures
  5 hydras
  An anaconda (Lair:5)
  3 thrashing horrors
  14 death yaks
  2 large abominations
  3 lindwurms
  An ugly thing (Lair:6)
  An oklob plant (Lair:3)
  A merfolk siren (Lair:3)
  Joseph (D:7)
  9 elephants
  7 black mambas
  2 smoke demons (Lair:6)
  8 cane toads
  3 rime drakes
  13 komodo dragons
  3 ancient zymes (Lair:6)
  2 polar bears
  Grinder (D:4)
  24 blink frogs
  11 dream sheep
  Sigmund (D:3)
  3 redbacks (Lair:4)
  The ghost of afd the Magician, an amateur DEEE (D:6)
  A wraith (D:9)
  A spriggan (Lair:6)
  2 ynoxinuls (Lair:6)
  2 wyverns
  A shadow (D:5)
  46 yaks
  7 basilisks
  A steam dragon (D:8)
  2 chaos spawn (Lair:6)
  2 vampire mosquitoes (D:9)
  Edmund (D:7)
  An acid dragon (D:8)
  3 wargs (D:9)
  17 water moccasins
  2 sky beasts
  An orc warrior (D:8)
  2 black bears
  6 ogres
  14 wolves
  A centaur (D:9)
  A phantom (D:6)
  15 bullfrogs
  A gnoll sergeant (D:9)
  A scorpion (Lair:2)
  A wyvern zombie (D:7)
  A wyvern skeleton (D:5)
  11 small abominations
  5 killer bees (D:9)
  5 wights (D:6)
  2 electric eels (Lair:2)
  2 howler monkeys
  A bullfrog zombie (D:5)
  2 centaur zombies
  4 hounds
  A jelly (D:6)
  A gnoll shaman (D:7)
  6 orc priests
  2 bullfrog skeletons (D:6)
  3 centaur skeletons
  3 iguanas
  9 orc wizards
  24 hell rats
  A killer bee zombie (D:8)
  A hound skeleton (D:5)
  A howler monkey zombie (D:4)
  13 gnolls
  10 adders
  11 river rats (Lair:1)
  3 white imps
  2 dart slugs
  15 orcs
  2 ball pythons
  9 endoplasms
  3 giant cockroaches
  11 hobgoblins
  6 jackals
  8 kobolds
  10 quokkas
  9 bats
  2 frilled lizards
  8 goblins
  13 rats
  A butterfly (Lair:3)
473 creatures vanquished.

Vanquished Creatures (collateral kills)
  30 foxfires
30 creatures vanquished.

Vanquished Creatures (others)
  A bush (Lair:6)
  1713 foxfires
  58 fungi
  69 plants
1841 creatures vanquished.

Grand Total: 2344 creatures vanquished

Notes
Turn   | Place    | Note
-------+----------+-------------------------------------------
     0 | D:1      | Essalna the Demonspawn Fire Elementalist began the quest
                  | for the Orb.
     0 | D:1      | Reached XP level 1. HP: 13/13 MP: 3/3
   205 | D:1      | Gained mutation: You are partially covered in thin metallic
                  | scales. (AC +2) [demonic ancestry]
   205 | D:1      | Reached XP level 2. HP: 19/19 MP: 1/5
   275 | D:1      | Found Goissit's Assorted Antiques.
   733 | D:2      | Gained mutation: You are partially covered in sharp spines.
                  | [demonic ancestry]
   733 | D:2      | Reached XP level 3. HP: 15/24 MP: 2/6
  1734 | D:2      | Reached XP level 4. HP: 30/30 MP: 4/8
  1880 | D:2      | Found Cutil's Antique Armour Shoppe.
  2610 | D:3      | Noticed Sigmund
  2619 | D:3      | Killed Sigmund
  2620 | D:3      | Gained mutation: You may rarely emit foul miasma when
                  | damaged in melee. [demonic ancestry]
  2620 | D:3      | Reached XP level 5. HP: 25/35 MP: 1/10
  3133 | D:3      | Reached XP level 6. HP: 41/41 MP: 6/11
  3187 | D:3      | Found a faded altar of an unknown god.
  3191 | D:3      | Learned a level 2 spell: Scorch
  3196 | D:3      | Learned a level 4 spell: Flame Wave
  3297 | D:3      | Found a shimmering blue altar of Sif Muna.
  3504 | D:4      | Noticed Grinder
  3509 | D:4      | Killed Grinder
  3510 | D:4      | Reached skill level 1 in Fighting
  3510 | D:4      | Reached XP level 7. HP: 34/49 MP: 1/13
  4805 | D:5      | Entered Level 5 of the Dungeon
  4823 | D:5      | Reached skill level 5 in Fire Magic
  4956 | D:5      | Reached XP level 8. HP: 58/58 MP: 3/15
  4973 | D:6      | Noticed Edmund
  4977 | D:6      | Reached skill level 5 in Spellcasting
  4977 | D:6      | Reached skill level 5 in Conjurations
  5092 | D:7      | Killed Edmund
  5483 | D:6      | HP: 2/60 [wight (10)]
  5791 | D:6      | Learned a level 7 spell: Ozocubu's Refrigeration
  5888 | D:6      | Found a staircase to the Ecumenical Temple.
  5902 | Temple   | Entered the Ecumenical Temple
  6190 | Temple   | Became a worshipper of Vehumet
  6289 | D:6      | Found a runed translucent door.
  6371 | D:6      | Reached XP level 9. HP: 67/67 MP: 11/18
  6411 | D:6      | Noticed afd's ghost (amateur DEEE)
  6651 | D:5      | Identified the +7 hand axe "Ekaxeuna" {spect, Fly}
  6695 | D:5      | Reached skill level 5 in Fighting
  7671 | D:6      | Killed afd's ghost
  7773 | D:7      | Reached * piety under Vehumet
  7773 | D:7      | Offered knowledge of Shock by Vehumet.
  7942 | D:7      | Noticed Joseph
  7952 | D:7      | Killed Joseph
  8090 | D:7      | Found a hide-covered altar of Uskayaw.
  9219 | D:8      | Identified the +4 ring mail "Dader" {Str+2 Int+3 Dex+4}
  9418 | D:8      | Gained mutation: You are mostly covered in sharp spines.
                  | [demonic ancestry]
  9418 | D:8      | Reached XP level 10. HP: 25/77 MP: 16/20
 10074 | D:9      | Reached skill level 1 in Armour
 10388 | D:9      | Found a staircase to the Lair.
 10436 | D:9      | Offered knowledge of Static Discharge by Vehumet.
 10436 | D:9      | Reached ** piety under Vehumet
 11345 | Lair:1   | Entered Level 1 of the Lair of Beasts
 11369 | Lair:1   | Noticed a lindwurm
 11383 | Lair:1   | Noticed a cane toad
 11393 | Lair:1   | Killed a cane toad
 11393 | Lair:1   | Noticed a lindwurm
 11465 | Lair:2   | Reached XP level 11. HP: 38/84 MP: 18/22
 11466 | Lair:2   | Offered knowledge of Stone Arrow by Vehumet.
 11476 | Lair:2   | Learned a level 3 spell: Stone Arrow
 11625 | Lair:1   | Killed a lindwurm
 11854 | Lair:1   | Killed a lindwurm
 12034 | Lair:1   | Found the +0 mask of the Dragon {Will+ Slay+3 SInv}
 12142 | Lair:1   | Reached *** piety under Vehumet
 12160 | Lair:1   | Offered knowledge of Ignite Poison by Vehumet.
 12549 | Lair:1   | Noticed a six-headed hydra
 12554 | Lair:1   | Killed a six-headed hydra
 13239 | Lair:1   | Reached skill level 1 in Ice Magic
 13476 | Lair:2   | Reached skill level 5 in Dodging
 14271 | Lair:2   | Gained mutation: You are mostly covered in thin metallic
                  | scales. (AC +3) [demonic ancestry]
 14271 | Lair:2   | Reached XP level 12. HP: 61/94 MP: 6/24
 14332 | Lair:2   | Reached **** piety under Vehumet
 14502 | Lair:2   | Offered knowledge of Airstrike by Vehumet.
 14617 | Lair:2   | Identified the +10 falchion of Descent {drain, Str+7
                  | Stlth+}
 14682 | Lair:2   | Identified the ring "Veeleaj" {rC+ Int+4 Stlth+}
 15537 | Lair:3   | Reached skill level 10 in Conjurations
 16172 | Lair:3   | Found a staircase to the Shoals.
 16652 | Lair:4   | Reached ***** piety under Vehumet
 16652 | Lair:4   | Offered knowledge of Fireball by Vehumet.
 16664 | Lair:4   | Learned a level 5 spell: Fireball
 16667 | Lair:4   | Learned a level 2 spell: Sublimation of Blood
 16944 | Lair:4   | Found a hole to the Spider Nest.
 17294 | Lair:4   | Reached XP level 13. HP: 101/101 MP: 15/26
 17360 | Lair:4   | Reached skill level 10 in Fire Magic
 17908 | Lair:5   | Reached skill level 5 in Ice Magic
 18278 | Lair:5   | Reached skill level 1 in Shields
 18278 | Lair:5   | Reached skill level 10 in Spellcasting
 18280 | Lair:5   | Reached skill level 10 in Fighting
 19030 | Lair:6   | Entered Level 6 of the Lair of Beasts
 19377 | Lair:6   | Found a staircase to the Slime Pits.
 20473 | Lair:6   | HP: 1/104 [anaconda (11)]
 21747 | Lair:5   | Gained mutation: You have a pair of small antennae on your
                  | head. [demonic ancestry]
 21747 | Lair:5   | Reached XP level 14. HP: 83/111 MP: 5/28
 22758 | Lair:6   | Found a one-way gate to the infinite horrors of the Abyss.
 22762 | Lair:6   | Offered knowledge of Sticky Flame by Vehumet.
 24045 | Lair:6   | Found a corrupted altar of Lugonu.
 24495 | D:10     | Entered Level 10 of the Dungeon
 24505 | D:10     | Found a shimmering altar of Xom.
 24505 | D:10     | Noticed mojasp's ghost (journeyman KoDe)
 24506 | D:10     | Found a runed translucent door.
 24531 | D:9      | Slain by a +4 war axe of chaos

Illustrated notes

Levels and vault maps discovered:
D:1:      sevenhm_arrival_forest_fort_large_2, layout_rooms, serial_shops,
          nicolae_shop_statue_plus, kennysheep_small_spiral
D:2:      layout_basic, serial_shops, nicolae_shop_stone, basic_altar
D:3:      layout_rooms, led_sif_book, shapermc_ecumenical_altar_mp_urbaneastern,
          uniq_sigmund
D:4:      layout_basic, fountainhead, uniq_grinder
D:5:      layout_loops_ring
D:6:      layout_cave_pools, minmay_temple_entry_junction,
          ebering_ghost_reflecting_pool, uniq_edmund
D:7:      layout_basic, mainiacjoe_overflow_surrounded_room,
          minmay_misc_feat_room, kennysheep_generic_room_15, uniq_joseph
D:8:      layout_layer_cave, serial_glass, glass_columns_a, glass_columns_c,
          item_on_display_a, feat_on_display, feat_on_display,
          minmay_misc_feat_roman
D:9:      layout_stronghold, erik_lair_orcish_takeover
D:10:     minmay_the_grid_four_pointed_star
          [minmay_the_grid_triangle_9x9_zippers_horizontal,
          minmay_the_grid_triangle_9x9_corruption,
          minmay_the_grid_triangle_9x9_limited_checkers,
          minmay_the_grid_triangle_9x9_warning, minmay_the_grid_prize_big_room],
          layout_loops_corners, zombieorc2_lemuel, ebering_ghost_xom,
          nicolae_trove_entry_diagonal, minmay_gold_behind_fungi,
          lightli_fourway_metalbox
Temple:   mainiacjoe_temple_big_plus
Lair:1:   lemuel_ratsnest, layout_small_grid, nicolae_lair_lindhole
Lair:2:   layout_cave_pods, grunt_megastairs_3, infiniplex_staircase_pool
Lair:3:   layout_chaotic_city, minmay_shoals_entry_lonely_mermaid,
          lemuel_fruit_fields
Lair:4:   layout_hall_layers, spider_nest_entry_webs,
          chequers_serial_rivers_micro_d
Lair:5:   layout_roguey, minivault_25, cheibrodos_lair_caveside_slide
Lair:6:   hellmonk_lair_end_abyssal_woods, layout_regular_city, slime_dummy

Skill      XL: |  1  2  3  4  5  6  7  8  9 10 11 12 13 14 |
---------------+-------------------------------------------+-----
Fire Magic     | 3 4 5 6 7 8 9 10 11 | 11.2
Conjurations   | 2 3 4 6 7 8 9 10 | 10.0
Spellcasting   | 3 4 6 7 8 9 10 11 | 11.0
Fighting       | 1 3 4 6 7 8 9 10 11 | 11.1
Dodging        | 3 5 6 8 |  8.3
Armour         | 3 4 |  4.0
Ice Magic      | 2 4 6 7 |  7.1
Shields        | 3 4 |  4.0
Stealth        | |  1.7

Action                   |  1- 3 |  4- 6 |  7- 9 | 10-12 | 13-15 || total
-------------------------+-------+-------+-------+-------+-------++-------
Melee: Unarmed           |     1 |       |       |       |       ||     1
       Short sword       |    32 |     9 |    30 |       |       ||    71
       Dagger            |       |       |     3 |       |       ||     3
       Hand axe          |       |       |    57 |   103 |    64 ||   224
 Cast: Foxfire           |    80 |    78 |   197 |   391 |   259 ||  1005
       Scorch            |       |     5 |    13 |    59 |   184 ||   261
       Flame Wave        |       |       |       |    31 |    20 ||    51
Evoke: Wand              |       |       |       |     1 |     9 ||    10
  Use: Scroll            |       |       |     2 |    12 |    16 ||    30
       Potion            |       |       |       |     1 |     9 ||    10
 Stab: Sleeping          |     1 |       |     1 |     1 |       ||     3
       Distracted        |       |       |       |     3 |     1 ||     4
Armor: Robe              |    11 |     3 |    27 |     9 |       ||    50
       Ring mail         |       |       |       |    64 |    76 ||   140
Dodge: Dodged            |    31 |    15 |   123 |   251 |   226 ||   646
Block: Buckler           |       |       |       |       |    51 ||    51

Table legend: (Time is in decaauts)
 A = Elapsed time spent in this place.
 B = Non-inter-level travel time spent in this place.
 C = Inter-level travel time spent in this place.
 D = Time resting spent in this place.
 E = Time spent auto-exploring this place.
 F = Levels seen in this place.
 G = Mean time per level.
                   A        B        C        D        E       F      G
               +--------+--------+--------+--------+--------+-----+--------+
         Total |  24596 |  23457 |   1139 |   1356 |  18713 |  17 | 1446.8 |
       Dungeon |  11125 |  10679 |    446 |    135 |   9081 |  10 | 1112.5 |
        Temple |    326 |    289 |     37 |      0 |    277 |   1 |  326.0 |
          Lair |  13144 |  12489 |    655 |   1221 |   9355 |   6 | 2190.7 |
               +--------+--------+--------+--------+--------+-----+--------+

Top non-repeatable levels by time:
  Lair:5: 4033 daAuts
  Lair:6: 2766 daAuts
  Lair:2: 2004 daAuts
  Lair:1: 1817 daAuts
     D:8: 1637 daAuts
  Lair:3: 1511 daAuts
     D:4: 1337 daAuts
     D:1: 1327 daAuts
     D:7: 1303 daAuts
     D:9: 1227 daAuts
     D:2: 1210 daAuts
     D:6: 1100 daAuts
  Lair:4: 1011 daAuts
     D:5: 979 daAuts
     D:3: 968 daAuts
